 Dungeon Crawl Stone Soup version 0.31.0-11-ge490571c62 (webtiles) character file.

Game seed: 12146290637826440513

14101 hawla the Cruncher (level 11, -13/56 HPs)
             Began as a Deep Elf Fire Elementalist on Feb 11, 2024.
             Was a High Priest of Vehumet.
             Mangled by a boulder beetle (37 damage)
             ... on level 12 of the Dungeon.
             The game lasted 00:37:08 (10927 turns).

hawla the Cruncher (Deep Elf Fire Elementalist)    Turns: 10927, Time: 00:37:09

Health: -13/56     AC:  8    Str:  5    XL:     11   Next: 84%
Magic:  8/27       EV: 14    Int: 25    God:    Vehumet [*****.]
Gold:   34         SH:  0    Dex: 15    Spells: 16/30 levels left

rFire   . . .        P - +3 dagger (drain)
rCold   + . .        (no shield)
rNeg    . . .        G - +2 troll leather armour {Snorg}
rPois   .            L - +0 helmet
rElec   .            (no cloak)
rCorr   .            l - +1 pair of gloves
SInv    +            (no boots)
Will    +....        s - amulet of magic regeneration
Stlth   ++           f - ring of see invisible
HPRegen 1.09/turn    r - ring of protection from cold
MPRegen 0.60/turn

%: no passive effects
@: about to teleport, radiating poison
A: no striking features
a: Renounce Religion


You were on level 12 of the Dungeon.
You worshipped Vehumet.
Vehumet was extremely pleased with you.
You visited 2 branches of the dungeon, and saw 13 of its levels.
You also visited: Sewer and Ossuary.

You collected 695 gold pieces.
You spent 661 gold pieces at shops.

Inventory:

Hand Weapons
 D - a +0 scimitar of flaming
 N - a +0 quarterstaff of protection
 P - a +3 dagger of draining (weapon)
Armour
 l - a +1 pair of gloves (worn)
 n - the +1 robe of Limited Liability {-Tele rPois Regen+}
   (You found it on level 5 of the Dungeon)

   rPois:     It protects you from poison -Tele: It prevents most forms of
   teleportation.
   Regen+:    It increases your rate of health regeneration.
 A - the +2 leather armour of the Pure Knives {rCorr SInv}
   (You found it on level 7 of the Dungeon)

   SInv:      It lets you see invisible.
   rCorr:     It protects you from acid and corrosion.
 G - a +2 troll leather armour (worn) {Snorg}
 L - a +0 helmet (worn)
 O - a +1 robe of cold resistance
Magical Staves
 a - the staff of Integrity {rF+ Int+2 Fire}
   (You found it on level 7 of the Dungeon)

   [staff of fire]

   Base accuracy: +5 Base damage: 5 Base attack delay: 1.2 This weapon's minimum
   attack delay (0.6) is reached at skill level 12.
   Int+2:     It affects your intelligence (+2).
   rF+:       It protects you from fire.
   Fire:      It increases the power of your Fire spells.
   It falls into the 'Staves' category.
   It is a one-handed weapon.
 p - a staff of air
 q - a staff of cold
 Q - a staff of fire
 X - a staff of alchemy
Jewellery
 f - a ring of see invisible (left hand)
 r - a ring of protection from cold (right hand)
 s - an amulet of magic regeneration (around neck)
 y - an amulet of the acrobat
 C - a +6 ring of dexterity
 E - the ring of the Haunted God {Ice rElec rN+}
   (You acquired it on level 10 of the Dungeon)

   [ring of ice]

   Ice:       It enhances your ice magic.
   rF-:       It makes you vulnerable to fire.
   rC+:       It protects you from cold.
   rElec:     It insulates you from electricity.
   rN+:       It protects you from negative energy.
 F - an amulet of regeneration
 M - a ring of ice
Wands
 x - a wand of iceblast (13)
 B - a wand of light (10)
 H - a wand of flame (13) (quivered)
 J - a wand of paralysis (8)
 W - a wand of mindburst (4)
Scrolls
 u - 7 scrolls of teleportation
 w - 2 scrolls of revelation
 I - a scroll of fog
 K - a scroll of vulnerability
 R - 3 scrolls of identify
 S - a scroll of enchant armour
 U - a scroll of silence
 V - a scroll of immolation
Potions
 c - a potion of lignification
 d - 4 potions of berserk rage
 e - 10 potions of heal wounds
 g - 3 potions of resistance
 h - 2 potions of ambrosia
 i - 3 potions of brilliance
 j - 4 potions of curing
 k - 2 potions of haste
 m - 7 potions of enlightenment
 o - a potion of magic
 t - a potion of cancellation
 v - a potion of attraction
 z - 4 potions of mutation


   Skills:
 - Level 1.0 Fighting
 + Level 3.3(4.1) Short Blades
 - Level 3.2(3.8) Long Blades
 - Level 12.0 Staves
 - Level 4.0 Armour
 - Level 8.0 Dodging
 - Level 3.0 Stealth
 - Level 10.0 Spellcasting
 - Level 3.0 Conjurations
 - Level 6.0 Fire Magic
 - Level 3.0 Ice Magic
 - Level 2.0 Air Magic
 - Level 3.0 Alchemy
 - Level 6.0 Evocations


You had 16 spell levels left.
You knew the following spells:

 Your Spells              Type           Power      Damage    Failure   Level
a - Foxfire               Conj/Fire      100%       2x1d9     1%          1
b - Scorch                Fire           84%        2d8       1%          2
c - Flame Wave            Conj/Fire      35%        2d10      3%          4
d - Hailstorm             Conj/Ice       27%        3d8       1%          3
e - Olgreb's Toxic Radia  Alch           27%        N/A       6%          4

Your spell library contained the following spells:

 Spells                   Type           Power      Damage    Failure   Level
 Freezing Cloud           Conj/Ice/Air   12%        6-21      19%         5
 Freeze                   Ice            100%       1d10      1%          1
 Shock                    Conj/Air       100%       1d9       1%          1
 Frozen Ramparts          Ice            54%        1d9       1%          3
 Inner Flame              Hex/Fire       27%        N/A       1%          3
 Volatile Blastmotes      Fire/Tloc      54%        2d14      1%          3
 Airstrike                Air            11%        2d(2-18)  9%          4
 Fireball                 Conj/Fire      17%        3d9       9%          5
 Swiftness                Air            22%        N/A       10%         3
 Lesser Beckoning         Tloc           24%        N/A       12%         2
 Sublimation of Blood     Necr           12%        N/A       12%         2
 Irradiate                Conj/Alch      13%        3d16      16%         5
 Gell's Gravitas          Tloc           12%        N/A       22%         3
 Teleport Other           Tloc           12%        N/A       22%         3
 Petrify                  Alch/Erth      20%        N/A       38%         4
 Animate Dead             Necr           12%        N/A       58%         4
 Haunt                    Necr/Summ      6%         N/A       100%        7
 Infestation              Necr           6%         N/A       100%        8
 Fire Storm               Conj/Fire      17%        8d5       100%        9


Dungeon Overview and Level Annotations

Branches:
Dungeon (12/15)            Temple (1/1) D:4            Lair (0/5) D:9
    Orc (0/2) D:11          Sewer (visited)         Ossuary (visited)

Altars:
Ashenzari
Cheibriados
Dithmenos
Elyvilon
Fedhas
Gozag
Hepliaklqana
Kikubaaqudgha
Makhleb
Nemelex Xobeh
Okawaru
Qazlal
Ru
Sif Muna
Trog
Uskayaw
Vehumet
Wu Jian
Xom
Yredelemnul
Zin
The Shining One

Annotations:
D:9 4 transporters


Message History

Your butterfly disappears in a burst of colours!
You kill your butterfly!
Your butterfly disappears in a burst of colours!
You kill your butterfly!
Your butterfly disappears in a burst of colours!
You kill your butterfly!
Your butterfly disappears in a burst of colours!
You kill your butterfly!
Your butterfly disappears in a burst of colours!
You kill your butterfly!
Your butterfly disappears in a burst of colours!
You kill your butterfly!
Your butterfly disappears in a burst of colours!
You kill your butterfly!
Your butterfly disappears in a burst of colours!
You kill your butterfly!
Your butterfly disappears in a burst of colours!
You kill your butterfly!
Your butterfly disappears in a burst of colours!
You kill your butterfly!
Your butterfly disappears in a burst of colours!
You kill your butterfly!
Your butterfly disappears in a burst of colours!
The boulder beetle curls into a ball and begins rolling!
As you read the scroll of teleportation, it crumbles to dust.
You feel strangely unstable.
You kill your butterfly!
Your butterfly disappears in a burst of colours!
Your toxic aura wanes.
The boulder beetle is no longer more vulnerable to fire.
Casting: Olgreb's Toxic Radiance (dangerous; 6% risk of failure)
Confirm with . or Enter, or press ? or * to list all spells.
You begin to radiate toxic energy.
The boulder beetle looks even sicker.
Casting: Olgreb's Toxic Radiance (dangerous; 6% risk of failure)
Confirm with . or Enter, or press ? or * to list all spells.
Flames lash the boulder beetle but do no damage.
The boulder beetle looks as sick as possible!
The boulder beetle hits you!!!
Ouch! That really hurt!
You die...

##########
#.........
#.@....^..
#..B......
#...°!!...
.....°....
...........
∩...........
....##..##.##
..... .## ..
# .####


You could see a boulder beetle (rolling, extremely poisoned).

Vanquished Creatures
  Snorg (D:10)
  Fannar (D:10)
  Erica (D:8)
  A two-headed ogre (D:12)
  The ghost of booth the Cleaver, a novice MiFi of Fedhas (D:7)
  Urug (D:11)
  A manticore (D:12)
  A komodo dragon (D:11)
  3 unseen horrors
  A kobold demonologist (D:11)
  11 yaks
  A shadow (D:11)
  2 wyverns (D:9)
  A wraith (D:12)
  A steam dragon (D:10)
  Grum (D:8)
  A warg (D:11)
  2 acid dragons (D:11)
  5 water moccasins
  3 orc warriors
  A sky beast (D:8)
  7 black bears
  3 ice beasts (D:8)
  3 ogres
  2 centaurs
  3 wolves (D:8)
  A weeping skull (Ossuary)
  2 kobold brigands
  A brain worm (Sewer)
  Blork the orc (D:5)
  6 bullfrogs
  5 scorpions
  2 water moccasin zombies (Ossuary)
  6 wights
  14 killer bees
  4 howler monkeys
  8 orc priests
  A bombardier beetle (D:6)
  5 jellies
  A hound (D:4)
  7 iguanas
  12 orc wizards
  2 crocodile zombies (Ossuary)
  3 mummies
  8 gnolls
  3 adders
  4 river rats (Sewer)
  3 white imps
  3 ufetubi
  3 adder zombies (Ossuary)
  4 dart slugs
  6 ribbon worms
  36 orcs
  15 bats
  15 endoplasms
  8 giant cockroaches
  15 gnoll zombies (Ossuary)
  15 goblins
  5 hobgoblins
  9 jackals
  23 kobolds
  3 quokkas
  8 ball pythons
  7 frilled lizards
  2 goblin zombies (D:6)
  5 jackal zombies (Ossuary)
  8 orc zombies (Ossuary)
  9 rats
357 creatures vanquished.

Vanquished Creatures (collateral kills)
  2 foxfires (D:9)
2 creatures vanquished.

Vanquished Creatures (others)
  594 foxfires
594 creatures vanquished.

Grand Total: 953 creatures vanquished

Notes
Turn   | Place    | Note
-------+----------+-------------------------------------------
     0 | D:1      | hawla the Deep Elf Fire Elementalist began the quest for
                  | the Orb.
     0 | D:1      | Reached XP level 1. HP: 10/10 MP: 6/6
     1 | D:1      | Found a runed translucent door.
     2 | D:1      | Noticed a jelly
    54 | D:1      | Reached skill level 1 in Fighting
   112 | D:1      | Reached XP level 2. HP: 16/16 MP: 6/8
   544 | D:1      | Found a faded altar of an unknown god.
   574 | D:1      | Reached XP level 3. HP: 20/20 MP: 7/9
   783 | D:1      | Learned a level 2 spell: Scorch
  1454 | D:2      | Reached XP level 4. HP: 25/25 MP: 1/10
  1567 | D:2      | Learned a level 4 spell: Flame Wave
  1817 | D:1      | Reached XP level 5. HP: 15/29 MP: 2/11
  3386 | D:4      | Reached skill level 5 in Fire Magic
  3391 | D:4      | Reached XP level 6. HP: 3/34 MP: 7/12
  3934 | D:4      | Found a shimmering altar of Xom.
  3934 | D:4      | Found a shimmering altar of Xom.
  3934 | D:4      | Found a shimmering altar of Xom.
  3934 | D:4      | Found a shimmering altar of Xom.
  3936 | D:4      | Found a shimmering altar of Xom.
  3955 | D:4      | Reached skill level 5 in Spellcasting
  3955 | D:4      | Found a staircase to the Ecumenical Temple.
  3972 | Temple   | Entered the Ecumenical Temple
  3979 | Temple   | Became a worshipper of Vehumet
  3992 | D:4      | Reached XP level 7. HP: 19/38 MP: 5/18
  4390 | D:5      | Entered Level 5 of the Dungeon
  4574 | D:5      | Found a shadowy altar of Dithmenos.
  4642 | D:5      | Noticed Blork the orc
  4647 | D:5      | Killed Blork the orc
  4668 | D:5      | Found a glowing drain.
  4684 | Sewer    | Entered a sewer
  4702 | Sewer    | Reached * piety under Vehumet
  4702 | Sewer    | Offered knowledge of Sting by Vehumet.
  4959 | Sewer    | Reached XP level 8. HP: 43/43 MP: 16/23
  5309 | D:5      | Identified the +1 robe of Limited Liability {-Tele rPois
                  | Regen+}
  5528 | D:5      | Reached skill level 10 in Spellcasting
  5528 | D:5      | Reached skill level 1 in Air Magic
  5647 | D:6      | Reached skill level 1 in Evocations
  5826 | D:6      | Reached skill level 5 in Evocations
  5838 | D:6      | Reached ** piety under Vehumet
  5838 | D:6      | Offered knowledge of Shock by Vehumet.
  5843 | D:6      | Reached skill level 1 in Staves
  5898 | D:6      | Found a sand-covered staircase.
  5902 | D:6      | Reached skill level 2 in Staves
  5905 | Ossuary  | Entered an ossuary
  5998 | Ossuary  | Reached XP level 9. HP: 44/47 MP: 19/25
  6024 | Ossuary  | Learned a level 3 spell: Hailstorm
  6042 | Ossuary  | Offered knowledge of Stone Arrow by Vehumet.
  6046 | Ossuary  | Reached skill level 3 in Staves
  6072 | Ossuary  | Reached *** piety under Vehumet
  6180 | D:6      | Reached skill level 4 in Staves
  6299 | D:6      | Offered knowledge of Olgreb's Toxic Radiance by Vehumet.
  6305 | D:6      | Learned a level 4 spell: Olgreb's Toxic Radiance
  6612 | D:6      | Reached skill level 5 in Staves
  6783 | D:7      | Found a runed translucent gate.
  6783 | D:7      | Found a runed translucent gate.
  6783 | D:7      | Found a runed translucent gate.
  6817 | D:7      | Identified the staff of Integrity {rF+ Int+2 Fire}
  7149 | D:7      | Identified the +2 leather armour of the Pure Knives {rCorr
                  | SInv}
  7162 | D:7      | Noticed booth's ghost (novice MiFi)
  7358 | D:7      | Killed booth's ghost
  7359 | D:7      | Reached skill level 7 in Staves
  7425 | D:8      | Noticed Grum
  7437 | D:8      | Killed Grum
  7438 | D:8      | Reached skill level 8 in Staves
  7537 | D:8      | Reached XP level 10. HP: 50/51 MP: 22/26
  7559 | D:8      | Reached skill level 9 in Staves
  7768 | D:8      | Noticed Erica
  7775 | D:8      | Killed Erica
  7775 | D:8      | Reached **** piety under Vehumet
  7835 | D:8      | Reached skill level 10 in Staves
  7872 | D:8      | Offered knowledge of Arcjolt by Vehumet.
  7906 | D:8      | Found a sacrificial altar of Ru.
  8034 | D:8      | Found a basalt altar of Yredelemnul.
  8333 | D:9      | Found a bloodstained altar of Trog.
  8364 | D:9      | Found a transporter.
  8403 | D:9      | Found a transporter.
  8459 | D:9      | Found a transporter.
  8482 | D:9      | Reached skill level 11 in Staves
  8538 | D:9      | Found a staircase to the Lair.
  8586 | D:9      | Found a transporter.
  8768 | D:9      | Reached skill level 12 in Staves
  8772 | D:9      | Reached skill level 1 in Ice Magic
  8772 | D:9      | Reached skill level 1 in Alchemy
  8929 | D:10     | Entered Level 10 of the Dungeon
  8970 | D:10     | Identified a scroll of acquirement
  8970 | D:10     | Acquired the ring of the Haunted God {Ice rElec rN+}
  9019 | D:10     | Noticed Snorg
  9022 | D:10     | Reached XP level 11. HP: 56/56 MP: 22/27
  9029 | D:10     | Killed Snorg
  9030 | D:10     | Reached skill level 1 in Armour
  9105 | D:10     | Reached ***** piety under Vehumet
  9270 | D:10     | Found a blossoming altar of Fedhas.
  9272 | D:10     | Found a hazy altar of Hepliaklqana.
  9308 | D:10     | Noticed Fannar
  9328 | D:10     | Killed Fannar
  9329 | D:10     | Reached skill level 1 in Long Blades
  9954 | D:11     | Offered knowledge of Freezing Cloud by Vehumet.
  9990 | D:11     | Reached skill level 1 in Short Blades
 10037 | D:11     | Found Acleorgh's Magic Scroll Boutique.
 10046 | D:11     | Bought a scroll of brand weapon for 123 gold pieces
 10046 | D:11     | Bought a scroll of revelation for 97 gold pieces
 10046 | D:11     | Bought a scroll of identify for 26 gold pieces
 10046 | D:11     | Bought a scroll of enchant armour for 97 gold pieces
 10046 | D:11     | Bought a scroll of fear for 52 gold pieces
 10046 | D:11     | Bought a scroll of silence for 123 gold pieces
 10046 | D:11     | Bought a scroll of identify for 26 gold pieces
 10046 | D:11     | Bought a scroll of identify for 26 gold pieces
 10046 | D:11     | Bought a scroll of fear for 52 gold pieces
 10091 | D:11     | Found a staircase to the Orcish Mines.
 10130 | D:11     | Got Cerebov's Anthology of the Inferno
 10172 | D:11     | Bought a scroll of teleportation for 39 gold pieces
 10396 | D:11     | Noticed Urug
 10408 | D:11     | Killed Urug
 10409 | D:11     | Reached skill level 5 in Dodging
 10839 | D:12     | Noticed a two-headed ogre
 10850 | D:12     | Noticed a boulder beetle
 10853 | D:12     | Killed a two-headed ogre
 10927 | D:12     | Mangled by a boulder beetle

Illustrated notes

Levels and vault maps discovered:
D:1:      dpeg_arrival_caged_fury, layout_rooms,
          dreamdust_ecumenical_altar_angels_and_demons
D:2:      layout_loops_ring, dreamdust_wishing_well
D:3:      layout_loops_cross
D:4:      layout_basic, xom_redecorated, minmay_temple_entry_drinking_statues
D:5:      layout_basic, mainiacjoe_overflow_chevrons,
          cheibrodos_sewer_entry_drain, uniq_blork_the_orc
D:6:      layout_gridville, nicolae_ossuary_entry_giza
D:7:      layout_loops_ring, ebering_ghost_rock_garden, minmay_holes,
          solitary_fountain
D:8:      layout_basic, lemuel_crystal_altar, mainiacjoe_overflow_boulevard,
          serial_ice, serial_ice_b, serial_ice_g, serial_ice_o, serial_ice_n,
          uniq_erica, uniq_grum
D:9:      layout_small_grid, mainiacjoe_overflow_cross_hatched,
          due_lair_maze_entry_diamond, st_stairs_4, grunt_decor_mini_mirrors,
          nicolae_transporter_intersection
D:10:     layout_irregular_city, nicolae_overflow_hidden_temple, uniq_snorg,
          uniq_fannar
D:11:     layout_loops_corners, erik_orc_4, serial_shops, shop_fountains,
          nicolae_houndstooth_variations, uniq_urug
D:12:     layout_rooms, serial_ice, serial_ice_a, serial_ice_l, serial_ice_h,
          serial_ice_m
Temple:   hellmonk_temple_of_storms

Skill      XL: |  1  2  3  4  5  6  7  8  9 10 11 |
---------------+----------------------------------+-----
Fighting       | 1 |  1.0
Stealth        | 3 |  3.0
Conjurations   | 2 3 |  3.0
Dodging        | 3 4 8 |  8.0
Fire Magic     | 4 5 6 |  6.0
Spellcasting   | 6 9 10 | 10.0
Air Magic      | 2 |  2.0
Evocations     | 6 |  6.0
Staves         | 2 8 12 | 12.0
Ice Magic      | 2 3 |  3.0
Alchemy        | 2 3 |  3.0
Armour         | 4 |  4.0
Long Blades    | 3 |  3.2
Short Blades   | 3 |  3.3

Action                     |  1- 3 |  4- 6 |  7- 9 | 10-12 || total
---------------------------+-------+-------+-------+-------++-------
  Melee: Unarmed           |     7 |     4 |       |       ||    11
         Staff             |       |       |    18 |    43 ||    61
         Scimitar          |       |       |       |     4 ||     4
         Punch             |       |       |       |     1 ||     1
         Dagger            |       |       |       |    15 ||    15
   Cast: Foxfire           |    66 |    53 |   113 |   116 ||   348
         Scorch            |     7 |    16 |    77 |    84 ||   184
         Flame Wave        |       |     6 |    17 |    27 ||    50
         Hailstorm         |       |       |     9 |     7 ||    16
         Olgreb's Toxic Ra |       |       |       |     9 ||     9
    Use: Scroll            |       |     7 |    13 |     9 ||    29
         Potion            |       |     3 |       |     1 ||     4
   Stab: Sleeping          |       |       |     1 |     1 ||     2
 Armour: Robe              |     9 |    18 |    61 |    38 ||   126
         Troll leather arm |       |       |       |    73 ||    73
  Dodge: Dodged            |    15 |    21 |    74 |   115 ||   225
